 Dungeon Crawl Stone Soup version 0.24.0-1-gfbc8707 (webtiles) character file.

Game seed: 7787888469933654350, levelgen mode: deterministic

98 Charmandara the Magician (level 4, 0/21 HPs)
             Began as a Spriggan Fire Elementalist on Nov 6, 2019.
             Killed by divine providence
             ... invoked by an orc priest
              (15 damage)
             ... on level 3 of the Dungeon.
             The game lasted 00:03:32 (2256 turns).

Charmandara the Magician (SpFE)                     Turns: 2256, Time: 00:03:32

Health: 0/21       AC:  2    Str:  4    XL:     4   Next: 44%
Magic:  0/11       EV: 18    Int: 20    God:
Gold:   142        SH:  0    Dex: 16    Spells: 2/12 levels left

rFire    . . .     SeeInvis +   i - +0 dagger
rCold    . . .     Gourm    .   (shield restricted)
rNeg     . . .     Faith    .   a - +0 robe
rPois    .         Spirit   .   (helmet restricted)
rElec    .         Reflect  .   (no cloak)
rCorr    .         Harm     .   (gloves unavailable)
MR       .....                  (boots unavailable)
Stlth    ++........             (no amulet)
HPRegen  0.07/turn              m - +3 ring of intelligence
MPRegen  0.12/turn              (no ring)

@: very quick
A: very small, unfitting armour, see invisible, herbivore, speed 3, slow
metabolism 2
a: no special abilities


You were on level 3 of the Dungeon.
You were not hungry.

You visited 1 branch of the dungeon, and saw 3 of its levels.

You collected 142 gold pieces.

Inventory:

Hand Weapons
 d - a +0 whip
   (You took it off a kobold on level 1 of the Dungeon)
 i - a +0 dagger (weapon)
   (You took it off a goblin on level 2 of the Dungeon)
Armour
 a - a +0 robe (worn)
Jewellery
 m - a +3 ring of intelligence (left hand)
   (You found it on level 2 of the Dungeon)
Wands
 j - a wand of polymorph (7)
   (You took it off Jessica on level 2 of the Dungeon)
Scrolls
 e - 4 scrolls of teleportation
 h - a scroll of fear {unknown}
 l - a scroll of fog {unknown}
 o - a scroll of immolation {unknown}
Potions
 b - a potion of curing {unknown}
 f - 2 potions of brilliance {unknown}
 g - a potion of magic {unknown}
 k - 3 potions of degeneration {unknown}
 n - a potion of ambrosia {unknown}
Comestibles
 c - 5 rations


   Skills:
 - Level 3.0 Dodging
 - Level 3.0 Stealth
 + Level 4.9 Spellcasting
 - Level 2.0 Conjurations
 - Level 2.4 Fire Magic


You had 2 spell levels left.
You knew the following spells:

 Your Spells              Type           Power        Failure   Level  Hunger
a - Flame Tongue          Conj/Fire      ##...        4%          1    None
c - Conjure Flame         Conj/Fire      ##......     14%         3    ##.....
s - Sticky Flame          Conj/Fire      ##......     43%         4    ####...
x - Throw Flame           Conj/Fire      ##....       7%          2    #......

Your spell library contained the following spells:

 Spells                   Type           Power        Failure   Level  Hunger
 Inner Flame              Hex/Fire       #.......     22%         3    ##.....
 Fireball                 Conj/Fire      ##........   78%         5    ######.


Dungeon Overview and Level Annotations

Branches:
Dungeon (3/15)

Altars:


Innate Abilities, Weirdness & Mutations

You are very small and have problems with some larger weapons.
You are too small for most types of armour.
You have supernaturally acute eyesight. (SInv)
You are a herbivore.
You cover ground extremely quickly.
You need to consume almost no food.


Message History

You see here a scroll labeled GURGHU CATHYSAI.
o - a scroll labeled GURGHU CATHYSAI
Aim: a frilled lizard (resting)
The flame tongue hits the frilled lizard.
You kill the frilled lizard!
You now have 8/11 mp.
Unknown command.
Aim: a rat The flame tongue hits the rat!
You kill the rat!
You now have 7/11 mp.
Unknown command.
A bat comes into view.
A bat is nearby!
Aim: a bat The flame tongue hits the bat!
You kill the bat!
You now have 7/11 mp.
Unknown command.
A dart slug comes into view.
You see here a bat corpse.
A dart slug is nearby!
Found a stone staircase leading down.
You can't see any susceptible monsters within range! (Use Z to cast anyway.) Unknown command.
Aim: a dart slug The flame tongue hits the dart slug.
You now have 7/11 mp.
Unknown command.
Aim: a dart slug (lightly wounded)
The flame tongue hits the dart slug but does no damage.
You now have 6/11 mp.
Unknown command.
Aim: a dart slug (lightly wounded, clinging)
The flame tongue hits the dart slug!
You kill the dart slug!
You now have 5/11 mp.
Unknown command.
Okay, then.
You start resting.
MP restored: 11 2 orcs come into view.
There are monsters nearby!
Aim: an orc, wielding a +0 whip (resting)
The flame tongue hits the orc!
You kill the orc!
The orc shouts!
You now have 10/11 mp.
Unknown command.
Aim: an orc, wearing a +0 ring mail The flame tongue hits the orc.
An orc comes into view. It is wielding a +0 falchion.
You now have 9/11 mp.
Unknown command.
Aim: an orc, wearing a +0 ring mail (lightly wounded)
The flame tongue hits the orc.
You kill the orc!
The orc shouts!
You hear a shout!
The orc throws a boomerang.
The boomerang closely misses you.
The weapon returns to the orc!
Unknown command.
You now have 8/11 mp.
Aim: an orc, wielding a +0 falchion The flame tongue hits the orc.
An orc priest comes into view.
The orc throws a boomerang.
The boomerang misses you.
The weapon returns to the orc!
Unknown command.
You now have 7/11 mp.
Aim: an orc, wielding a +0 falchion (heavily wounded)
The flame tongue hits the orc!
You kill the orc!
Unknown command.
You now have 6/11 mp.
You can't see any susceptible monsters within range! (Use Z to cast anyway.) Unknown command.
Aim: an orc priest, wearing a +0 scale mail The flame tongue hits the orc priest but does no damage.
The orc priest calls down the wrath of Beogh upon you.
You struggle to resist.
You now have 5/11 mp.
Unknown command.
Aim: an orc priest, wearing a +0 scale mail The sticky flame hits the orc priest but does no damage.
The orc priest is covered in liquid flames!
The orc priest burns!
The orc priest hits you.
You take 6 damage, and have 15/21 hp.
MASSIVE DAMAGE!!
You now have 2/11 mp.
Aim: an orc priest, wearing a +0 scale mail (lightly wounded, covered in liquid flames)
The flame tongue hits the orc priest but does no damage.
The orc priest burns!
You now have 1/11 mp.
Unknown command.
Aim: an orc priest, wearing a +0 scale mail (heavily wounded, covered in liquid flames)
The flame tongue hits the orc priest.
The orc priest burns!
The orc priest mumbles some strange prayers to Beogh against you.
Beogh smites you!
Ouch! That really hurt!
You die...

######.##### .#
........... .# #
.#.......#.# .# .#
.#.......#.########.##.##
.#.......#.... ).......
.........+... )....
.#.......#.### #[.#
............†#####..##.##
................@o...>....
#............#.........###
#.####.##...............#
..# #####...#.###.###.##
... ##..#.# #.# .# ...
#..#.# #.# # .... ......
..# ##..### .# <.... #...


You could see an orc priest (burning).

Vanquished Creatures
  Jessica (D:2)
  2 adders
  A worm (D:2)
  A dart slug (D:3)
  A leopard gecko (D:1)
  3 orcs (D:3)
  5 goblins
  9 hobgoblins
  A quokka (D:2)
  A ball python (D:1)
  2 bats
  4 frilled lizards
  9 kobolds
  5 rats
45 creatures vanquished.

Notes
Turn   | Place    | Note
-------+----------+-------------------------------------------
     0 | D:1      | Charmandara the Spriggan Fire Elementalist began the quest
                  | for the Orb.
     0 | D:1      | Reached XP level 1. HP: 9/9 MP: 5/5
   132 | D:1      | Reached skill level 1 in Conjurations
   432 | D:1      | Reached XP level 2. HP: 13/13 MP: 4/6
   436 | D:1      | Learned a level 2 spell: Throw Flame
  1074 | D:2      | Reached skill level 2 in Conjurations
  1225 | D:2      | Reached skill level 3 in Spellcasting
  1338 | D:2      | Reached XP level 3. HP: 16/16 MP: 2/8
  1358 | D:2      | Learned a level 3 spell: Conjure Flame
  1450 | D:2      | Noticed Jessica
  1458 | D:2      | Killed Jessica
  1458 | D:2      | Reached skill level 4 in Spellcasting
  1739 | D:2      | Reached XP level 4. HP: 13/21 MP: 7/11
  2044 | D:2      | Learned a level 4 spell: Sticky Flame
  2256 | D:3      | Killed from afar by an orc priest

Levels and vault maps discovered:
D:1:      nzn_arrival_depleted_hourglass, layout_basic
D:2:      layout_loops_corners, first_ration, corexii_hall_statues_t,
          minmay_misc_feat_encased, minivault_14, minmay_misc_feat_roman,
          minmay_misc_feat_hallway, minmay_misc_feat_four_crosses,
          hangedman_decor_diamond_cutter, minmay_misc_feat_rows, uniq_jessica
D:3:      layout_basic

Skill      XL: |  1  2  3 |
---------------+----------+-----
Conjurations   | 1 2 |  2.0
Spellcasting   | 3 4 |  4.9
Dodging        | |  3.0
Stealth        | |  3.0
Fire Magic     | |  2.4

Action                   |  1- 3 |  4- 6 || total
-------------------------+-------+-------++-------
Melee: Whip              |     4 |       ||     4
 Cast: Flame Tongue      |    53 |    29 ||    82
       Sticky Flame      |       |     1 ||     1
  Use: Scroll            |       |     1 ||     1
Armor: Skin              |     5 |       ||     5
Dodge: Dodged            |    15 |     4 ||    19

Levels and vault maps discovered:
D:1:      nzn_arrival_depleted_hourglass, layout_basic
D:2:      layout_loops_corners, first_ration, corexii_hall_statues_t,
          minmay_misc_feat_encased, minivault_14, minmay_misc_feat_roman,
          minmay_misc_feat_hallway, minmay_misc_feat_four_crosses,
          hangedman_decor_diamond_cutter, minmay_misc_feat_rows, uniq_jessica
D:3:      layout_basic

Table legend:
 A = Turns spent in this place as a percentage of turns spent in the entire game.
 B = Non-inter-level travel turns spent in this place as a percentage of non-inter-level travel turns spent in the entire game.
 C = Inter-level travel turns spent in this place as a percentage of turns spent in this place.
 D = Turns resting spent in this place as a percentage of non-inter-level travel turns spent in this place.
 E = Turns spent auto-exploring this place as a percentage of non-inter-level travel turns spent in this place.
 F = Non-inter-level travel turns spent in this place divided by the number of levels of this place that you've seen.
                   A       B       C       D       E      F
               +-------+-------+-------+-------+-------+----------------------
         Total | 100.0 | 100.0 |   2.8 |  14.6 |  68.6 | 731.0
       Dungeon | 100.0 | 100.0 |   2.8 |  14.6 |  68.6 | 731.0
               +-------+-------+-------+-------+-------+----------------------

Table legend:
 A = Kills in this place as a percentage of kills in entire the game.
 B = Kills by you in this place as a percentage of kills by you in the entire game.
 C = Kills by friends in this place as a percentage of kills by friends in the entire game.
 D = Other kills in this place as a percentage of other kills in the entire game.
 E = Experience gained in this place as a percentage of experience gained in the entire game.
 F = Experience gained in this place divided by the number of levels of this place that you have seen.
                   A       B       C       D       E      F
               +-------+-------+-------+-------+-------+----------------------
         Total | 100.0 | 100.0 |   N/A |   N/A | 100.0 |  47.0
       Dungeon | 100.0 | 100.0 |   N/A |   N/A | 100.0 |  47.0
               +-------+-------+-------+-------+-------+----------------------
